 Dungeon Crawl Stone Soup version 0.24-a0-335-g06ca16a (webtiles) character file.

Game seed: 5067591436667678794

1337 MisterFreud the Martial Artist (level 8, 0/52 HPs)
             Began as an Octopode Monk on May 18, 2019.
             Slain by an orc
             ... wielding a +1 hand axe of chopping
              (4 damage)
             ... on level 6 of the Dungeon.
             The game lasted 00:08:03 (5334 turns).

MisterFreud the Martial Artist (Octopode Monk)      Turns: 5334, Time: 00:08:04

Health: 0/52       AC:  1    Str: 11    XL:     8   Next: 61%
Magic:  8/8        EV: 16    Int: 14    God:
Gold:   255        SH:  0    Dex: 14    Spells: 7/7 levels left

rFire    . . .     SeeInvis .     - Unarmed
rCold    . . .     Gourm    .   (no shield)
rNeg     + . .     Faith    .   (helmet restricted)
rPois    .         Spirit   .   n - amulet of harm
rElec    .         Reflect  .   j - ring of positive energy (curse)
rCorr    .         Harm     +   m - ring of flight
MR       .....                  (no ring)
Stlth    +++.......             (no ring)
HPRegen  0.17/turn              (no ring)
MPRegen  0.11/turn              (no ring)
                                (no ring)
                                (no ring)

@: no status effects
A: almost no armour, stealthy swim, amphibious, 8 rings, constrict 8, camouflage
1, gelatinous body 1
a: Evoke Flight


You were on level 6 of the Dungeon.
You were not hungry.

You visited 1 branch of the dungeon, and saw 6 of its levels.

You collected 255 gold pieces.

Inventory:

Missiles
 f - 32 bolts
 p - 28 sling bullets
 t - 33 poisoned darts (quivered)
 u - 7 silver boomerangs
 v - 97 stones
 x - 2 boomerangs
 z - 64 arrows
Jewellery
 i - an uncursed ring of fire
 j - a cursed ring of positive energy (left tentacle)
 m - a ring of flight (right tentacle)
 n - an amulet of harm (around mantle)
Wands
 B - a wand of random effects (9)
Scrolls
 b - 4 scrolls of remove curse
 k - a scroll of teleportation
 s - a scroll of random uselessness {unknown}
 w - a scroll of noise {unknown}
 y - 2 scrolls of blinking {unknown}
Potions
 c - 2 potions of ambrosia
 d - a potion of brilliance
 e - a potion of haste {unknown}
 g - 2 potions of heal wounds {unknown}
 h - a potion of lignification
 l - a potion of cancellation {unknown}
 o - 2 potions of might {unknown}
 q - 3 potions of curing
 r - a potion of flight {unknown}
Comestibles
 a - 8 rations
 A - 5 chunks of flesh


   Skills:
 - Level 3.0 Fighting
 * Level 5.2 Dodging
 - Level 2.6 Stealth
 + Level 9.8 Unarmed Combat


You had 7 spell levels left.
You didn't know any spells.
Your spell library was empty.

Dungeon Overview and Level Annotations

Branches:
Dungeon (6/15)
 Temple: D:4-7

Altars:
Dithmenos
Ru
Vehumet
Yredelemnul

Shops:
D:5 }


Innate Abilities, Weirdness & Mutations

You cannot wear most types of armour.
You are very stealthy in the water. (Stealth+)
You are amphibious.
You can wear up to eight rings at the same time.
You can use your tentacles to constrict eight enemies at once.
Your skin changes colour to match your surroundings (Stealth+).
Your rubbery body absorbs attacks. (AC +1, EV +1)


Message History

The centaur barely misses you.
Unknown command.
You tentacle-slap the centaur but do no damage.
The centaur is almost dead.
The centaur closely misses you. The orc hits you with a +0 dagger.
* * * LOW HITPOINT WARNING * * *
The centaur misses you.
Unknown command.
Okay, then.
You tentacle-slap the centaur.
You kill the centaur!
Your Dodging skill increases to level 5!
The orc hits you with a +0 dagger.
* * * LOW HITPOINT WARNING * * *
Things that are here:
an arrow; an orc corpse You tentacle-slap the orc but do no damage.
You grab the orc. You constrict the orc.
The orc hits you with a +1 hand axe of chopping.
You die...

## ........^.....# .##
...........[).. ..##
..............# ...#
......?.......# ...##
.......$........... ..>)#####
................... ........#
#.....#......
........##########).####......
##..............@oo...........
#......###########.#.........
#....).######................
##.#)..........###...........
###..........).........###.###
..................##..##
..................##..####.###
####..........<..............#
# #...............#.........#


You could see 2 orcs.

Vanquished Creatures
  Grinder (D:3)
  2 ogres
  A phantom (D:5)
  2 centaurs
  2 scorpions
  3 wights (D:6)
  A howler monkey (D:5)
  A crimson imp (D:5)
  A jelly (D:6)
  2 orc wizards
  Crazy Yiuf (D:2)
  Terence (D:2)
  3 worker ants
  A hound skeleton (D:6)
  A worker ant zombie (D:5)
  6 adders
  2 worms
  2 dart slugs (D:2)
  5 leopard geckos
  21 orcs
  4 ball pythons
  3 giant cockroaches
  8 goblins
  9 hobgoblins
  12 jackals
  13 kobolds
  A ball python skeleton (D:4)
  4 bats
  4 frilled lizards
  2 gnoll zombies (D:4)
  8 rats
127 creatures vanquished.

Notes
Turn   | Place    | Note
-------+----------+-------------------------------------------
     0 | D:1      | MisterFreud the Octopode Monk began the quest for the Orb.
     0 | D:1      | Reached XP level 1. HP: 16/16 MP: 1/1
   107 | D:1      | Reached XP level 2. HP: 14/21 MP: 2/2
   245 | D:1      | Reached skill level 4 in Unarmed Combat
   864 | D:1      | Reached XP level 3. HP: 24/26 MP: 3/3
  1480 | D:2      | Found a faded altar of an unknown god.
  1769 | D:2      | Noticed Terence
  1779 | D:2      | Killed Terence
  1779 | D:2      | Reached skill level 5 in Unarmed Combat
  1779 | D:2      | Reached XP level 4. HP: 31/31 MP: 4/4
  2231 | D:2      | Found a runed translucent door.
  2232 | D:2      | Noticed Crazy Yiuf
  2236 | D:2      | Killed Crazy Yiuf
  2236 | D:2      | Reached XP level 5. HP: 36/36 MP: 5/5
  2314 | D:3      | Reached skill level 6 in Unarmed Combat
  2695 | D:3      | Noticed Grinder
  2707 | D:3      | Killed Grinder
  2707 | D:3      | Reached skill level 7 in Unarmed Combat
  2707 | D:3      | Reached XP level 6. HP: 6/42 MP: 6/6
  3199 | D:3      | Found a sacrificial altar of Ru.
  3200 | D:3      | Found a radiant altar of Vehumet.
  3353 | D:3      | Reached XP level 7. HP: 40/46 MP: 7/7
  4075 | D:4      | Reached skill level 8 in Unarmed Combat
  4269 | D:4      | Found a basalt altar of Yredelemnul.
  4574 | D:5      | Entered Level 5 of the Dungeon
  4756 | D:5      | Reached skill level 9 in Unarmed Combat
  4762 | D:5      | Reached XP level 8. HP: 28/52 MP: 8/8
  4863 | D:5      | Found Qunoul's Gadget Shoppe.
  5259 | D:6      | Found a shadowy altar of Dithmenos.
  5332 | D:6      | Reached skill level 5 in Dodging
  5334 | D:6      | Slain by an orc

Levels and vault maps discovered:
D:1:      tarquinn_simple_flora_water_d, layout_basic, minmay_ruptured
D:2:      layout_loops_ring, chequers_ecumenical_altar_simple, uniq_terence,
          uniq_crazy_yiuf_cottage
D:3:      layout_basic, gammafunk_temple_overflow_statue,
          chequers_serial_rivers_large_a, uniq_grinder
D:4:      layout_basic, lemuel_zombie_altar_yredelemnul, first_ration
D:5:      layout_rooms, serial_shops, shop
D:6:      layout_rooms, elyvilon_altar_5, overflow_temple_1_default

Skill      XL: |  1  2  3  4  5  6  7  8 |
---------------+-------------------------+-----
Unarmed Combat | 4 5 7 9 |  9.8
Dodging        | 5 |  5.2
Fighting       | |  3.0
Stealth        | |  2.6

Action                   |  1- 3 |  4- 6 |  7- 9 || total
-------------------------+-------+-------+-------++-------
Melee: Unarmed           |    90 |    94 |   111 ||   295
       Constrict         |    24 |    24 |    21 ||    69
       Tentacles         |    15 |    22 |    27 ||    64
       Punch             |     3 |     4 |     7 ||    14
  Use: Scroll            |     4 |     3 |     2 ||     9
       Potion            |     1 |       |       ||     1
 Stab: Sleeping          |     9 |     8 |     9 ||    26
       Distracted        |       |     1 |       ||     1
  Eat: Chunk             |     2 |     6 |     2 ||    10
       Ration            |       |       |     1 ||     1
Armor: Skin              |     8 |     2 |     7 ||    17
Dodge: Dodged            |    63 |    48 |    52 ||   163

Table legend:
 A = Non-vault XP
 B = Vault XP
 C = Vault XP percentage of total XP
 D = Non-vault monster count
 E = Vault monster count
 F = Vault count percentage of total count
                 A         B        C        D         E       F
            +---------+---------+-------+---------+---------+-------
      Total |    1545 |     366 |  19.2 |     118 |       9 |   7.1
            +---------+---------+-------+---------+---------+-------
        D:1 |      43 |       6 |  12.2 |      27 |       4 |  12.9
        D:2 |      58 |      77 |  57.0 |      25 |       2 |   7.4
        D:3 |     193 |     281 |  59.3 |      32 |       1 |   3.0
        D:4 |     212 |       2 |   0.9 |       9 |       2 |  18.2
        D:5 |     488 |       0 |   0.0 |      14 |       0 |   0.0
        D:6 |     551 |       0 |   0.0 |      11 |       0 |   0.0
            +---------+---------+-------+---------+---------+-------
